 Dungeon Crawl Stone Soup version 0.31-a0-700-gf13585253f (webtiles) character file.

Game seed: 3096737136196112113

2110 Xavori the Covert (level 9, 0/59 HPs)
             Began as an Octopode Chaos Knight on Sept 7, 2023.
             Was a Plaything of Xom.
             Succumbed to a hornet's poison
             ... on level 7 of the Dungeon.
             The game lasted 00:10:18 (13969 turns).

Xavori the Covert (Octopode Chaos Knight)          Turns: 13969, Time: 00:10:18

Health: 0/59       AC:  8    Str: 11 (12) XL:     9   Next: 28%
Magic:  2/9        EV: 15    Int: 13 (14) God:    Xom [.*....]
Gold:   311        SH:  4    Dex: 14 (15) Spells: 8/8 levels left

rFire   . . .        p - +2 dagger (speed)
rCold   + . .        (no shield)
rNeg    + . .        j - +1 hat "Rimu" {rElec}
rPois   .            y - amulet of guardian spirit
rElec   +            l - ring of positive energy
rCorr   .            u - +4 ring of protection
SInv    .            (no ring)
Will    +....        (no ring)
Stlth   ++++++       (no ring)
HPRegen 0.29/turn    (no ring)
MPRegen 0.11/turn    (no ring)
                     (no ring)

%: guardian spirit
@: lethally poisoned (0 -> -16), slowed, very slow
A: almost no armour, amphibious, 8 rings, camouflage 1, gelatinous body 1,
(nimble swimmer 1), tentacles, tentacle spike 3, iridescent scales 1, large bone
plates 1, cold resistance 1, deterioration 1, strong-willed 1, wild magic 1
a: Renounce Religion


You were on level 7 of the Dungeon.
You worshipped Xom.
You were a plaything of Xom.
You visited 1 branch of the dungeon, and saw 7 of its levels.
You also visited: Sewer.

You collected 546 gold pieces.
You spent 235 gold pieces at shops.

Inventory:

Hand Weapons
 a - a +0 short sword of chaos
 c - a +1 short sword of venom
 n - a +2 dagger of draining
 p - a +2 dagger of speed (weapon)
Missiles
 i - a throwing net
Armour
 j - the +1 hat "Rimu" (worn) {rElec}
   (You acquired it on level 5 of the Dungeon)

   rElec:     It insulates you from electricity.
Jewellery
 l - a ring of positive energy (left tentacle)
 u - a +4 ring of protection (right tentacle)
 y - an amulet of guardian spirit (around mantle)
Wands
 t - a wand of light (14)
 z - a wand of flame (25)
Scrolls
 b - a scroll of butterflies
 g - 7 scrolls of teleportation
 k - a scroll of poison
 m - a scroll of amnesia
 o - 2 scrolls of fog
 s - 2 scrolls of enchant weapon
 v - a scroll of enchant armour {unknown}
 A - 3 scrolls of immolation {unknown}
 B - a scroll of vulnerability
 D - 2 scrolls of identify
Potions
 d - 2 potions of cancellation {unknown}
 e - 2 potions of enlightenment {unknown}
 f - 4 potions of curing {unknown}
 h - a potion of brilliance {unknown}
 q - 3 potions of haste
 r - 2 potions of attraction {unknown}
 w - 2 potions of lignification {unknown}
 C - a potion of heal wounds


   Skills:
 + Level 4.5 Fighting
 + Level 7.2 Short Blades
 + Level 4.8 Dodging
 + Level 11.4 Stealth
 + Level 1.5 Shields


You had 8 spell levels left.
You didn't know any spells.
Your spell library contained the following spells:

 Spells                   Type           Power      Damage    Failure   Level
 Freeze                   Ice            0%         1d3       38%         1
 Frozen Ramparts          Ice            0%         1d1       75%         3
 Hailstorm                Conj/Ice       0%         3d3       75%         3
 Fireball                 Conj/Fire      0%         3d3       100%        5
 Iskenderun's Battlesphe  Conj           0%         2d6       100%        5
 Conjure Ball Lightning   Conj/Air       0%         3x3d6     100%        6
 Orb of Destruction       Conj           0%         9d5       100%        7


Dungeon Overview and Level Annotations

Branches:
Dungeon (7/15)             Temple (0/1) D:7           Sewer (visited)

Altars:
Ashenzari
Dithmenos
Hepliaklqana
Nemelex Xobeh
Trog
Uskayaw

Shops:
D:3 ?(   D:4 (   D:7 =(*

Annotations:
D:7 1 runed translucent door, 2 transporters, 2FriedEggs's ghost, novice OgSh; Crazy Yiuf


Innate Abilities, Weirdness & Mutations

You cannot wear most types of armour.
You are amphibious.
You can wear up to eight rings at the same time.
Your skin changes colour to match your surroundings (Stealth+).
Your rubbery body absorbs attacks. (AC +1, EV +1)
((You are camouflaged when in or above water. (Stealth+)))
You have tentacles for arms and can constrict up to eight enemies at once.
One of your tentacles bears a large vicious spike.
You are partially covered in iridescent scales. (AC +2)
You are partially covered in large bone plates. (SH +4)
Your flesh is cold resistant. (rC+)
Your body sometimes deteriorates upon taking damage.
You are strong-willed. (Will+)
Your spells are a little harder to cast, but a little more powerful.


Message History

You squeeze the hornet, but do no damage.
The hornet is heavily wounded.
You constrict the hornet. "This might be better!"
The hornet flickers and vanishes!
Deactivating autopickup; reactivate with Ctrl-A.
Something stings you.
You feel as though you will be slow longer.
No target in view!
No target in view!
Unknown command.
No target in view!
You hit something. You constrict something. Something stings you!
You feel as though you will be slow longer.
You hit something.
Your tentacle spike misses something.
You constrict something. Something stings you!
Your body deteriorates!
You feel weakened.
You are poisoned.
You feel as though you will be slow longer.
You hit something but do no damage.
Your tentacle spike misses something.
You squeeze something. You constrict something.
You feel sick. Something stings you!
* * * LOW HITPOINT WARNING * * *
Your body deteriorates!
You feel dopey.
You are more poisoned.
You feel as though you will be slow longer.
You feel much better.
You constrict something.
You feel extremely sick. Something stings you!
* * * LOW HITPOINT WARNING * * *
Your body deteriorates!
You feel clumsy.
You are more poisoned.
You suddenly lose the ability to move!
You lose your grip on something.
Something stings you.
* * * LOW HITPOINT WARNING * * *
You feel as though you will be slow longer.
You can move again.
As you read the scroll of fear, it crumbles to dust.
You assume a fearsome visage.
* * * LOW HITPOINT WARNING * * *
You feel extremely sick.
You die...
Xom chortles!

#...###.g.###....#
##..##.....# ##....
#...##.....####...#
#..##O###!#≈#.##..#
#..#Wg# /)$###.#..# #
#..#o###._W ...#..#
##.#..#o..... #...#..#
##.....##.y.. ##.##...
#....[@.#..g. ..#....
#........# ... ##..#.
#........{.# #.© ###...#.
###..........#####.......
#.............©.......#.
...........#........#.##
.......)...#..#####.####
..............#####.####
..".....#+#..>.....##..


You could see an orc warrior, an ogre, a gnoll sergeant and 2FriedEggs's ghost.

Vanquished Creatures
  A troll (D:5)
  Duvessa (D:7)
  Pargi (Sewer)
  2 black bears
  3 ice beasts
  A kobold brigand (D:7)
  A phantom (D:5)
  4 scorpions
  Dowan (D:7)
  A howler monkey (D:5)
  An electric eel (D:6)
  4 hounds
  A jelly (D:4)
  3 orc priests
  4 iguanas
  5 orc wizards
  2 gnolls
  12 adders
  2 river rats (D:6)
  2 white imps (D:5)
  5 worms
  2 dart slugs
  19 orcs
  5 ball pythons
  8 endoplasms
  6 giant cockroaches
  7 goblins
  6 hobgoblins
  4 jackals
  4 quokkas
  11 bats
  3 frilled lizards (D:1)
  6 kobolds
  8 rats
146 creatures vanquished.

Vanquished Creatures (collateral kills)
  Menkaure (D:5)
  2 orc wizards (D:5)
  5 orcs
8 creatures vanquished.

Grand Total: 154 creatures vanquished

Notes
Turn   | Place    | Note
-------+----------+-------------------------------------------
     0 | D:1      | Xavori the Octopode Chaos Knight began the quest for the
                  | Orb.
     0 | D:1      | Reached XP level 1. HP: 16/16 MP: 1/1
   238 | D:1      | Reached XP level 2. HP: 21/21 MP: 2/2
   949 | D:1      | XOM: divination: detect items
  1140 | D:1      | XOM: divination: magic mapping
  1212 | D:1      | XOM is BORED!
  1212 | D:1      | XOM: silly message
  1271 | D:1      | XOM: silly message
  1640 | D:1      | XOM: divination: detect creatures
  2333 | D:1      | XOM is BORED!
  2333 | D:1      | XOM: noise
  2984 | D:1      | XOM is BORED!
  3769 | D:1      | XOM: give mutations
  3769 | D:1      | Gained mutation: Your mind is acute. (Int +4, Str/Dex -1)
                  | [Xom's mischief]
  3769 | D:1      | Gained mutation: You are strong-willed. (Will+) [Xom's
                  | mischief]
  4398 | D:1      | XOM: give mutations
  4398 | D:1      | Lost mutation: Your mind is acute. (Int +4, Str/Dex -1)
                  | [Xom's mischief]
  4398 | D:1      | Gained mutation: You sometimes lose your temper in combat.
                  | [Xom's mischief]
  4398 | D:1      | Gained mutation: You are somewhat resistant to further
                  | mutation. [Xom's mischief]
  4398 | D:1      | Gained mutation: One of your tentacles bears a spike.
                  | [Xom's mischief]
  4785 | D:1      | XOM: noise
  5102 | D:1      | XOM: noise
  5248 | D:1      | XOM: torment (12/21 hp)
  5789 | D:1      | XOM: summons 2 hostile demons
  5790 | D:1      | Noticed a crimson imp
  6840 | D:1      | XOM: summons 2 hostile demons
  7110 | D:2      | XOM: 4-stop teleportation journey
  7600 | D:1      | XOM: stat loss: -1 Int (13/14)
  7753 | D:1      | XOM: give mutations
  7753 | D:1      | Gained mutation: One of your tentacles bears a nasty spike.
                  | [Xom's mischief]
  7753 | D:1      | Gained mutation: Your body sometimes deteriorates upon
                  | taking damage. [Xom's mischief]
  7753 | D:1      | Lost mutation: You are somewhat resistant to further
                  | mutation. [Xom's mischief]
  7753 | D:1      | Lost mutation: You sometimes lose your temper in combat.
                  | [Xom's mischief]
  7938 | D:1      | XOM: give mutations
  7938 | D:1      | Lost mutation: Your body sometimes deteriorates upon taking
                  | damage. [Xom's mischief]
  7938 | D:1      | Gained mutation: Your muscles are strong. (Str +4, Int/Dex
                  | -1) [Xom's mischief]
  7938 | D:1      | Gained mutation: Your flesh is cold resistant. (rC+) [Xom's
                  | mischief]
  7982 | D:1      | XOM is BORED!
  7982 | D:1      | XOM: summons 4 hostile shadow creatures
  8452 | D:1      | XOM: god gift: 43 gold pieces
  9070 | D:1      | XOM: god gift: smoky ruby potion {god gift}
  9574 | D:1      | XOM: give mutations
  9574 | D:1      | Gained mutation: You are partially covered in iridescent
                  | scales. (AC +2) [Xom's grace]
  9574 | D:1      | Gained mutation: One of your tentacles bears a large
                  | vicious spike. [Xom's grace]
  9574 | D:1      | Gained mutation: You are partially covered in large bone
                  | plates. (SH +4) [Xom's grace]
  9625 | D:2      | Reached XP level 3. HP: 26/26 MP: 3/3
 10044 | D:3      | Reached skill level 1 in Stealth
 10202 | D:3      | Found Hipregic's Weapon Emporium.
 10239 | D:3      | Reached XP level 4. HP: 31/31 MP: 4/4
 10242 | D:3      | XOM: scenery: 1 doors open
 10243 | D:3      | Reached skill level 2 in Stealth
 10251 | D:3      | Reached skill level 3 in Stealth
 10334 | D:3      | Reached XP level 5. HP: 36/36 MP: 5/5
 10533 | D:3      | Found Dihuiq's Magic Scroll Boutique.
 10550 | D:3      | Bought a scroll of identify for 28 gold pieces
 10550 | D:3      | Bought a scroll of teleportation for 42 gold pieces
 10550 | D:3      | Bought a scroll of enchant weapon for 105 gold pieces
 10579 | D:3      | Reached skill level 4 in Stealth
 10601 | D:3      | Found a hide-covered altar of Uskayaw.
 10822 | D:3      | XOM: give mutation
 10822 | D:3      | Gained mutation: You are robust. (+10% HP) [Xom's grace]
 10908 | D:4      | Noticed an ogre
 10911 | D:4      | Found a shadowy altar of Dithmenos.
 10911 | D:4      | XOM: 6-stop teleportation journey
 11143 | D:4      | XOM: enchant monster (good)
 11148 | D:4      | XOM: summons 2 friendly demons
 11156 | D:4      | Reached XP level 6. HP: 26/46 MP: 6/6
 11230 | D:4      | an ogre changed into an ice beast
 11230 | D:4      | Noticed an ice beast
 11230 | D:4      | XOM: polymorph ogre -> ice beast
 11232 | D:4      | XOM: blink monster(s)
 11244 | D:4      | Killed an ice beast
 11245 | D:4      | Reached skill level 5 in Stealth
 11334 | D:4      | XOM: 4-stop teleportation journey
 11340 | D:4      | XOM: snakes to sticks
 11508 | D:4      | Reached skill level 5 in Short Blades
 11551 | D:4      | Reached skill level 6 in Stealth
 11554 | D:4      | Reached XP level 7. HP: 49/51 MP: 7/7
 11579 | D:4      | Found Bidotzes's Weapon Emporium.
 11670 | D:5      | Entered Level 5 of the Dungeon
 11709 | D:5      | XOM: summons friendly crimson imp
 11977 | D:5      | Reached skill level 7 in Stealth
 12012 | D:5      | Noticed Menkaure
 12017 | D:5      | XOM: enchant monster (bad)
 12039 | D:5      | Killed Menkaure
 12046 | D:5      | Reached skill level 8 in Stealth
 12262 | D:5      | Reached skill level 1 in Shields
 12262 | D:5      | Reached XP level 8. HP: 59/59 MP: 8/8
 12302 | D:5      | Noticed a troll
 12319 | D:5      | XOM: divine lightning
 12323 | D:5      | Killed a troll
 12361 | D:5      | XOM: god gift: 50 gold pieces
 12641 | D:5      | Reached skill level 9 in Stealth
 12804 | D:5      | XOM: summons 2 hostile demons
 12811 | D:5      | XOM: give mutations
 12811 | D:5      | Lost mutation: You are robust. (+10% HP) [Xom's mischief]
 12811 | D:5      | Gained mutation: Your spells are a little harder to cast,
                  | but a little more powerful. [Xom's mischief]
 12811 | D:5      | Lost mutation: Your muscles are strong. (Str +4, Int/Dex
                  | -1) [Xom's mischief]
 12811 | D:5      | Gained mutation: Your body sometimes deteriorates upon
                  | taking damage. [Xom's mischief]
 12816 | D:5      | Identified a scroll of acquirement
 12816 | D:5      | Acquired the +1 hat "Rimu" {rElec}
 13031 | D:6      | Reached skill level 10 in Stealth
 13210 | D:6      | Found a glowing drain.
 13222 | Sewer    | Entered a sewer
 13252 | Sewer    | Noticed Pargi
 13265 | Sewer    | Killed Pargi
 13398 | D:6      | Found a broken altar of Ashenzari.
 13429 | D:6      | Reached XP level 9. HP: 59/59 MP: 9/9
 13438 | D:6      | Found a sparkling altar of Nemelex Xobeh.
 13441 | D:6      | Found a hazy altar of Hepliaklqana.
 13517 | D:7      | Noticed Dowan
 13518 | D:7      | Noticed Duvessa
 13523 | D:7      | Killed Dowan
 13536 | D:7      | XOM: enchant monster (good)
 13540 | D:7      | Killed Duvessa
 13541 | D:7      | Reached skill level 11 in Stealth
 13663 | D:7      | Found Padueg's Jewellery Shoppe.
 13748 | D:7      | Found Mudi's General Store.
 13756 | D:7      | Bought a potion of heal wounds for 60 gold pieces
 13797 | D:7      | XOM: chaos upgrade
 13839 | D:7      | Found a runed translucent door.
 13840 | D:7      | Noticed Crazy Yiuf
 13871 | D:7      | Noticed a moth of wrath
 13876 | D:7      | Found Lithroz's Weapon Emporium.
 13899 | D:7      | Found a staircase to the Ecumenical Temple.
 13932 | D:7      | Found a transporter.
 13939 | D:7      | Found a bloodstained altar of Trog.
 13939 | D:7      | Found a transporter.
 13942 | D:7      | Noticed 2FriedEggs's ghost (novice OgSh)
 13952 | D:7      | Noticed a two-headed ogre
 13954 | D:7      | Noticed a hornet
 13962 | D:7      | XOM: enchant monster (good)
 13963 | D:7      | XOM: enchant monster (bad)
 13967 | D:7      | Paralysed by something for 1 turns
 13969 | D:7      | Succumbed to a hornet's poison

Illustrated notes

Levels and vault maps discovered:
D:1:      nzn_arrival_depleted_hourglass, layout_basic
D:2:      layout_rooms, serial_bayou_ford_a
D:3:      layout_basic, mainiacjoe_overflow_alcove_4, serial_shops,
          nicolae_shop_tiny_statue_garden, nicolae_shop_tiny_statue_garden
D:4:      layout_loops_ring, nicolae_dithmenos_through_a_glass_darkly,
          serial_shops, nicolae_shop_back_alley_shop
D:5:      layout_cave_pods, uniq_menkaure
D:6:      layout_cave_pools, mainiacjoe_overflow_alcove_1,
          nicolae_overflow_squiral, lightli_sewer_entry_pipes
D:7:      layout_cave_pools, mainiacjoe_overflow_cross_hatched, kennysheep_mini,
          minmay_temple_entry_fiery, gammafunk_ghost_wrathful_warriors,
          serial_shops, nicolae_shop_pleasant_corner_grove,
          nicolae_shop_behind_doors, shop, nicolae_shop_pleasant_corner_grove,
          uniq_crazy_yiuf_cottage, uniq_duvessa

Skill      XL: |  1  2  3  4  5  6  7  8  9 |
---------------+----------------------------+-----
Stealth        | 1 3 4 6 8 10 11 | 11.4
Dodging        | 3 4 |  4.8
Short Blades   | 4 5 6 7 |  7.2
Shields        | 1 |  1.5
Fighting       | 4 |  4.5

Action                     |  1- 3 |  4- 6 |  7- 9 || total
---------------------------+-------+-------+-------++-------
  Melee: Short sword       |    65 |    17 |       ||    82
         Tentacles         |     9 |    12 |    57 ||    78
         Constrict         |    15 |    21 |    38 ||    74
         Kick              |     7 |    33 |    83 ||   123
         Dagger            |       |    84 |   221 ||   305
         Punch             |       |     1 |     5 ||     6
    Use: Potion            |     1 |       |     2 ||     3
         Scroll            |       |     3 |     7 ||    10
   Stab: Sleeping          |     7 |    14 |    14 ||    35
         Petrifying        |       |       |     1 ||     1
 Armour: Skin              |    26 |    23 |    73 ||   122
  Dodge: Dodged            |    27 |    27 |    66 ||   120
  Block: Other             |     2 |     3 |    14 ||    19

Table legend: (Time is in decaauts)
 A = Elapsed time spent in this place.
 B = Non-inter-level travel time spent in this place.
 C = Inter-level travel time spent in this place.
 D = Time resting spent in this place.
 E = Time spent auto-exploring this place.
 F = Levels seen in this place.
 G = Mean time per level.
                   A        B        C        D        E       F      G
               +--------+--------+--------+--------+--------+-----+--------+
         Total |  13798 |  13614 |    184 |   9039 |   3600 |   8 | 1724.8 |
       Dungeon |  13679 |  13495 |    184 |   9039 |   3538 |   7 | 1954.1 |
         Sewer |    119 |    119 |      0 |      0 |     62 |   1 |  119.0 |
               +--------+--------+--------+--------+--------+-----+--------+

Top non-repeatable levels by time:
     D:1: 8612 daAuts
     D:2: 1424 daAuts
     D:5: 1125 daAuts
     D:3: 911 daAuts
     D:4: 670 daAuts
     D:6: 513 daAuts
     D:7: 422 daAuts
   Sewer: 119 daAuts
